 Dungeon Crawl Stone Soup version 0.28-a0-43-g560ac104fe (webtiles) character file.

Game seed: 4017829544106810434

4473 Demosthentine the Spear-Bearer (level 10, -6/80 HPs)
             Began as a Merfolk Gladiator on July 28, 2021.
             Was a Follower of the Shining One.
             Mangled by a green ugly thing (10 damage)
             ... on level 7 of the Dungeon.
             The game lasted 00:06:47 (9616 turns).

Demosthentine the Spear-Bearer (Merfolk Gladiator)  Turns: 9616, Time: 00:06:48

Health: -6/80      AC:  6    Str: 16    XL:     10   Next: 38%
Magic:  10/10      EV: 17    Int:  9    God:    the Shining One [*.....]
Gold:   1145       SH:  0    Dex: 16    Spells: 9/9 levels left

rFire   . . .      SeeInvis .   a - +1 trident
rCold   . . .      Faith    .   (no shield)
rNeg    . . .      Spirit   .   b - +0 leather armour
rPois   .          Reflect  .   c - +0 helmet
rElec   .          Harm     .   n - scarf {repulsion}
rCorr   .          Rampage  .   (no gloves)
Will    .....                   v - +0 pair of boots
Stlth   +.........              (no amulet)
HPRegen 0.23/turn               (no ring)
MPRegen 0.12/turn               (no ring)

@: lethally poisoned (-6 -> -23), flying, glowing, invisible (but backlit and
visible), repel missiles
A: (nimble swimmer 2), mertail
a: Renounce Religion


You were on level 7 of the Dungeon.
You worshipped the Shining One.
The Shining One was aware of your devotion.
You visited 2 branches of the dungeon, and saw 8 of its levels.

You collected 1235 gold pieces.
You spent 90 gold pieces at shops.

Inventory:

Hand Weapons
 a - a +1 trident (weapon)
Missiles
 d - a throwing net (quivered)
Armour
 b - a +0 leather armour (worn)
 c - a +0 helmet (worn)
 n - a scarf of repulsion (worn)
 v - a +0 pair of boots (worn)
 x - a +0 buckler
Wands
 p - a wand of iceblast (7)
 s - a wand of digging (7)
 u - a wand of acid (13)
 w - a wand of mindburst (12)
 A - a wand of polymorph (11)
Scrolls
 e - a scroll of holy word
 k - 4 scrolls of teleportation
 o - 2 scrolls of magic mapping
 t - a scroll of enchant weapon
 y - 2 scrolls of vulnerability
 B - a scroll of enchant armour {unknown}
Potions
 f - 2 potions of brilliance
 g - 2 potions of magic
 h - 3 potions of mutation
 j - a potion of haste {unknown}
 l - a potion of resistance {unknown}
 m - a potion of attraction {unknown}
 q - a potion of flight
 r - a potion of degeneration {unknown}
 z - a potion of lignification


   Skills:
 + Level 8.1 Fighting
 + Level 11.0 Polearms
 - Level 2.0 Throwing
 + Level 5.3 Armour
 + Level 10.1 Dodging
 + Level 3.8 Shields


You had 9 spell levels left.
You didn't know any spells.
Your spell library contained the following spells:

 Spells                   Type           Power      Damage    Failure   Level
 Gell's Gravitas          Tloc           0%         N/A       82%         3
 Lesser Beckoning         Tloc           0%         N/A       82%         3
 Teleport Other           Tloc           0%         N/A       82%         3
 Dispersal                Tloc           0%         N/A       100%        6


Dungeon Overview and Level Annotations

Branches:
Dungeon (7/15)             Temple (1/1) D:4

Altars:
Ashenzari
Cheibriados
Dithmenos
Elyvilon
Fedhas
Gozag
Hepliaklqana
Makhleb
Nemelex Xobeh
Okawaru
Qazlal
Ru
Sif Muna
Trog
Uskayaw
Vehumet
Wu Jian
Xom
Yredelemnul
Zin
The Shining One

Shops:
D:3 [   D:5 *


Innate Abilities, Weirdness & Mutations

((You are quick and stealthy near water. (Stealth+, EV+, Speed+++)))
Your lower body shifts to a powerful aquatic tail in water.


Message History

You feel sick. The green ugly thing misses you.
You puncture the green ugly thing!
The green ugly thing is heavily wounded.
You feel sick. The green ugly thing trunk-slaps you.
You hit the green ugly thing but do no damage.
The green ugly thing is heavily wounded.
You feel sick.
You hit the green ugly thing but do no damage.
The green ugly thing is heavily wounded.
You feel sick. The green ugly thing misses you.
You hit the green ugly thing.
The green ugly thing is heavily wounded.
You feel sick. The green ugly thing trunk-slaps you.
You are lethally poisoned!
The green ugly thing poisons you!
You are too injured to fight recklessly!
You are too injured to fight recklessly!
You are too injured to fight recklessly!
You are too injured to fight recklessly!
You hit the green ugly thing but do no damage.
The green ugly thing is heavily wounded.
You feel very sick.
You hit the green ugly thing.
The green ugly thing is heavily wounded.
You feel very sick. The green ugly thing trunk-slaps you!
* * * LOW HITPOINT WARNING * * *
Unknown command.
It was a potion of flight.
You feel very buoyant.
You fly up into the air.
* * * LOW HITPOINT WARNING * * *
You feel very sick.
The green ugly thing trunk-slaps you but does no damage.
It was a potion of invisibility.
You become transparent, but the glow from your halo prevents you from becoming completely invisible.
* * * LOW HITPOINT WARNING * * *
You feel very sick. The green ugly thing trunk-slaps you!
You die...

#######.#######.
................
####.........##..
#............##..
#.##.........##..
#.##.........##..
#.##.........##..
########.##.....<...##.#
......u@.##.........##.#
################.#####..
#.######. #........
########. #. #. #.
########.


You could see a green ugly thing.

Vanquished Creatures
  A two-headed ogre (D:7)
  Pikel (D:4)
  An unseen horror (D:7)
  A wraith (D:7)
  A yak (D:7)
  A wyvern (D:7)
  Menkaure (D:5)
  A water moccasin (D:5)
  An orc warrior (D:7)
  4 ice beasts
  A black bear (D:7)
  A necrophage (D:7)
  A hornet zombie (D:4)
  2 centaurs
  2 phantoms
  3 bullfrogs
  2 scorpions (D:5)
  2 gnoll sergeants
  A water moccasin zombie (D:5)
  A wyvern skeleton (D:6)
  A water moccasin skeleton (D:4)
  A howler monkey (D:5)
  A centaur zombie (D:6)
  2 hounds (D:5)
  3 orc priests (D:5)
  A bullfrog skeleton (D:5)
  4 jellies (D:5)
  3 iguanas
  A centaur skeleton (D:5)
  An orc wizard (D:7)
  A hound skeleton (D:4)
  13 gnolls
  12 adders
  A white imp (D:6)
  An ufetubus (D:5)
  A worm (D:3)
  2 dart slugs
  14 orcs
  3 ball pythons
  5 bats
  6 endoplasms
  5 giant cockroaches
  8 goblins
  7 hobgoblins
  10 jackals
  6 quokkas
  2 frilled lizards
  A jackal skeleton (D:4)
  11 kobolds
  6 rats
162 creatures vanquished.

Notes
Turn   | Place    | Note
-------+----------+-------------------------------------------
     0 | D:1      | Demosthentine the Merfolk Gladiator began the quest for the
                  | Orb.
     0 | D:1      | Reached XP level 1. HP: 16/16 MP: 1/1
   190 | D:1      | Reached XP level 2. HP: 23/23 MP: 2/2
   660 | D:1      | Reached XP level 3. HP: 27/28 MP: 3/3
   812 | D:1      | Reached skill level 5 in Polearms
   812 | D:1      | Reached skill level 1 in Armour
  1107 | D:1      | Found a faded altar of an unknown god.
  1167 | D:2      | Reached XP level 4. HP: 24/34 MP: 4/4
  1791 | D:2      | Reached skill level 5 in Dodging
  1795 | D:2      | Reached XP level 5. HP: 15/41 MP: 5/5
  2713 | D:3      | Found Lyxudeot's Antique Armour Boutique.
  3706 | D:4      | Reached skill level 6 in Polearms
  3706 | D:4      | Reached XP level 6. HP: 34/48 MP: 6/6
  4194 | D:4      | Found a staircase to the Ecumenical Temple.
  4233 | Temple   | Entered the Ecumenical Temple
  4454 | Temple   | Became a worshipper of the Shining One
  4631 | D:4      | Reached XP level 7. HP: 52/55 MP: 7/7
  4806 | D:5      | Entered Level 5 of the Dungeon
  4818 | D:5      | Noticed Pikel
  4849 | D:4      | Killed Pikel
  4850 | D:4      | Reached skill level 5 in Fighting
  4850 | D:4      | Reached skill level 7 in Polearms
  4850 | D:4      | Reached XP level 8. HP: 14/62 MP: 8/8
  5223 | D:5      | Found a broken altar of Ashenzari.
  5223 | D:5      | Found a basalt altar of Yredelemnul.
  5304 | D:5      | Reached skill level 8 in Polearms
  5865 | D:5      | Noticed Menkaure
  5871 | D:5      | Killed Menkaure
  5977 | D:5      | Reached skill level 9 in Polearms
  6255 | D:5      | Reached XP level 9. HP: 66/71 MP: 9/9
  6817 | D:5      | Found Muashropp's General Store.
  6826 | D:5      | Bought a potion of lignification for 30 gold pieces
  6826 | D:5      | Bought a scroll of teleportation for 30 gold pieces
  6826 | D:5      | Bought a scroll of teleportation for 30 gold pieces
  6927 | D:5      | Reached * piety under the Shining One
  7278 | D:6      | Reached skill level 1 in Shields
  7712 | D:6      | Found a blossoming altar of Fedhas.
  7819 | D:6      | Identified a scroll of acquirement
  7819 | D:6      | Acquired 783 gold pieces
  7832 | D:7      | Reached skill level 10 in Polearms
  8142 | D:7      | Noticed a two-headed ogre
  8155 | D:7      | Killed a two-headed ogre
  8156 | D:7      | Reached skill level 5 in Armour
  8156 | D:7      | Reached XP level 10. HP: 28/80 MP: 10/10
  8400 | D:7      | Noticed an unseen horror
  8413 | D:7      | Killed an unseen horror
  8973 | D:7      | Reached skill level 10 in Dodging
  9428 | D:7      | Reached skill level 11 in Polearms
  9601 | D:7      | Noticed a green ugly thing
  9616 | D:7      | HP: 4/80 [poisoned by a green ugly thing]
  9616 | D:7      | Mangled by a green ugly thing

Illustrated notes

Levels and vault maps discovered:
D:1:      dpeg_arrival_short_road, layout_basic,
          shapermc_ecumenical_altar_hornbeckon, minivault_19,
          minmay_heptomino_o4
D:2:      layout_basic
D:3:      layout_basic, serial_shops, nicolae_diamond_shop,
          kennysheep_minor_cross, hex_tiny
D:4:      layout_rooms, minmay_temple_entry_steel_oval, minivault_24,
          serial_park_tiny_2, minmay_misc_feat_enclosed, grunt_tough_drop
D:5:      minmay_opposing_rooms, layout_loops_ring,
          chequers_temple_overflow_statue_of_worship, serial_shops, shop,
          uniq_pikel, uniq_menkaure
D:6:      layout_rooms, amcnicky_altar_gilded
D:7:      layout_basic, kb_rosetta
Temple:   eino_narrow_crystal_temple

Skill      XL: |  1  2  3  4  5  6  7  8  9 10 |
---------------+-------------------------------+-----
Polearms       | 5 6 7 9 10 11 | 11.0
Armour         | 1 2 3 4 5 |  5.3
Fighting       | 3 4 5 6 7 8 |  8.1
Dodging        | 5 6 7 8 9 10 | 10.1
Shields        | 3 |  3.8
Throwing       | |  2.0

Action                   |  1- 3 |  4- 6 |  7- 9 | 10-12 || total
-------------------------+-------+-------+-------+-------++-------
Melee: Trident           |    84 |   259 |   295 |   132 ||   770
Throw: Throwing net      |       |     1 |     3 |       ||     4
  Use: Scroll            |     4 |     4 |     6 |     1 ||    15
       Potion            |       |     2 |       |     2 ||     4
 Stab: Sleeping          |     3 |     4 |       |       ||     7
       Held in net/web   |       |     1 |       |       ||     1
Armor: Leather armour    |    21 |    42 |    31 |    10 ||   104
Dodge: Dodged            |    44 |   125 |   176 |    64 ||   409
       Repelled          |       |       |     1 |       ||     1

Table legend: (Time is in decaauts)
 A = Elapsed time spent in this place.
 B = Non-inter-level travel time spent in this place.
 C = Inter-level travel time spent in this place.
 D = Time resting spent in this place.
 E = Time spent auto-exploring this place.
 F = Levels seen in this place.
 G = Mean time per level.
                   A        B        C        D        E       F      G
               +--------+--------+--------+--------+--------+-----+--------+
         Total |   9547 |   9354 |    193 |    269 |   7822 |   8 | 1193.4 |
       Dungeon |   9317 |   9145 |    172 |    269 |   7622 |   7 | 1331.0 |
        Temple |    229 |    209 |     20 |      0 |    200 |   1 |  229.0 |
               +--------+--------+--------+--------+--------+-----+--------+

Top non-repeatable levels by time:
     D:5: 1941 daAuts
     D:7: 1762 daAuts
     D:2: 1424 daAuts
     D:4: 1333 daAuts
     D:1: 1151 daAuts
     D:3: 920 daAuts
     D:6: 783 daAuts
  Temple: 229 daAuts
